 Dungeon Crawl Stone Soup version 0.29.0-4-gdea44cf6ec (webtiles) character file.

Game seed: 7621711921935053791

9 qw the Sneak (level 2, -9/19 HPs)
             Began as a Gargoyle Delver on Sept 10, 2022.
             Mangled by an ogre
             ... wielding a +0 giant spiked club
              (28 damage)
             ... on level 5 of the Dungeon.
             The game lasted 00:00:04 (343 turns).

qw the Sneak (Gargoyle Delver)                       Turns: 343, Time: 00:00:04

Health: -9/19      AC:  5    Str: 15    XL:     2   Next: 12%
Magic:  2/2        EV: 11    Int: 10    God:
Gold:   9          SH:  0    Dex: 11    Spells: 1/1 levels left

rFire   . . .      SeeInvis .   Y - +0 hand axe
rCold   . . .      Faith    .   (no shield)
rNeg    + . .      Spirit   .   b - +0 leather armour
rPois   inf        Reflect  .   (no helmet)
rElec   +          Harm     .   (no cloak)
rCorr   .          Rampage  .   (no gloves)
Will    .....                   (no boots)
Stlth   +++.......              (no amulet)
HPRegen 0.06/turn               (no ring)
MPRegen 0.08/turn               (no ring)

@: no status effects
A: sickness immunity, AC +2, negative energy resistance 1, electricity
resistance, torment resistance 1, petrification resistance
a: no special abilities


You were on level 5 of the Dungeon.
You visited 1 branch of the dungeon, and saw 1 of its levels.

You collected 9 gold pieces.


Innate Abilities, Weirdness & Mutations

You are immune to sickness and miasma.
Your stone body is resilient. (AC +2)
You are immune to poison.
You resist negative energy. (rN+)
You are resistant to electric shocks. (rElec)
You are resistant to unholy torment.
You are immune to petrification.


   Skills:
 - Level 3.2 Fighting
 + Level 2.5 Axes
 - Level 1.5 Dodging
 - Level 5.4 Stealth


You had one spell level left.
You didn't know any spells.
Your spell library was empty.

Inventory:

Hand Weapons
 Y - a +0 hand axe (weapon)
Armour
 b - a +0 leather armour (worn)
Wands
 g - a wand of digging (3)
Potions
 f - a potion of haste

Dungeon Overview and Level Annotations

Branches:
Dungeon (5/15)
 Temple: D:4-7

Altars:


Message History

You hit the adder.
You kill the adder!
Your Axes skill increases to level 2!
You have reached level 2!
You start resting.
HP restored.
Found a stone staircase leading up.
322 ||| READING scroll labelled AZONABBAWOS.
As you read the scroll labelled AZONABBAWOS, it crumbles to dust.
You feel strangely unstable.
It was a scroll of teleportation.
You start waiting.
Your surroundings suddenly seem different.
326 ||| READING scroll labelled ZOK TOK AVOIFUUPS.
As you read the scroll labelled ZOK TOK AVOIFUUPS, it crumbles to dust.
It is a scroll of identify.
You don't have any unidentified items.
327 ||| DROPPING scroll of fog.
You drop a scroll of fog.
328 ||| DROPPING scroll of magic mapping.
You drop a scroll of magic mapping.
329 ||| DROPPING scroll of fear.
You drop a scroll of fear.
(D) Dungeon
Where to? (* - list waypoints, ? - help)
What level of the Dungeon? (default 1, ? - help) Sorry, I don't know how to get there.
Found a scroll of magic mapping.
Found a stone staircase leading down.
(D) Dungeon
Where to? (* - list waypoints, Enter - D:4, ? - help)
What level of the Dungeon? (default 1, ? - help) Sorry, I don't know how to get there.
An ogre comes into view. It is wielding a +0 giant spiked club.
A scorpion comes into view.
You see here a golden potion.
338 ||| Stepping ~*~*~tactically~*~*~ (stealth).
Found 17 gold pieces.
The ogre shouts!
You hit the ogre.
The ogre is lightly wounded.
The ogre hits you with a +0 giant spiked club!!
Ouch! That really hurt!
You die...

#.$# #... s.
##>.####.#
#.s.......
#.........
.?..... #O..#
#@..# #.####.!.#
#.
#........###....
#######.........
.........###.##
.#######.#
...######.##
#.....?...#
#.........#


You could see an ogre and a scorpion.

Vanquished Creatures
  An adder (D:5)
1 creature vanquished.

Notes
Turn   | Place    | Note
-------+----------+-------------------------------------------
     0 | D:5      | qw the Gargoyle Delver began the quest for the Orb.
     0 | D:5      | Reached XP level 1. HP: 14/14 MP: 1/1
     0 | D:5      | 0 ||| qw: Version: 0.1-a-117-gfe26ee0
     0 | D:5      | 0 ||| qw: Game counter: 9666
     0 | D:5      | 0 ||| qw: Always use a shield: true
     0 | D:5      | 0 ||| qw: God list: Okawaru
     0 | D:5      | 0 ||| qw: Allow faded altars: false
     0 | D:5      | 0 ||| qw: Do Orc after D:15 true
     0 | D:5      | 0 ||| qw: Do second Lair branch before Depths: true
     0 | D:5      | 0 ||| qw: Lair rune preference: random
     0 | D:5      | 0 ||| qw: Plans: Normal
     0 | D:5      | 0 ||| PLANNING D:1-11
    58 | D:5      | HP: 2/14 [adder (2)]
    64 | D:5      | Reached XP level 2. HP: 3/19 MP: 2/2
   322 | D:5      | 322 ||| READING scroll labelled AZONABBAWOS.
   326 | D:5      | 326 ||| READING scroll labelled ZOK TOK AVOIFUUPS.
   327 | D:5      | 327 ||| DROPPING scroll of fog.
   328 | D:5      | 328 ||| DROPPING scroll of magic mapping.
   329 | D:5      | 329 ||| DROPPING scroll of fear.
   337 | D:5      | Noticed an ogre
   337 | D:5      | Noticed a scorpion
   338 | D:5      | 338 ||| Stepping ~*~*~tactically~*~*~ (stealth).
   343 | D:5      | Mangled by an ogre

Levels and vault maps discovered:
D:5:      layout_loops_ring, serial_shops, nicolae_shop_behind_doors, uniq_pikel

Skill      XL: |  1 |
---------------+----+-----
Axes           | 2 |  2.5
Fighting       | |  3.2
Dodging        | |  1.5
Stealth        | |  5.4

Action                   || total
-------------------------++-------
Melee: Hand axe          ||    18
  Use: Scroll            ||     2
Armor: Leather armour    ||     7
Dodge: Dodged            ||    10

Table legend:
 A = Non-vault XP
 B = Vault XP
 C = Vault XP percentage of total XP
 D = Non-vault monster count
 E = Vault monster count
 F = Vault count percentage of total count
                 A         B        C        D         E       F
            +---------+---------+-------+---------+---------+-------
      Total |      13 |       0 |   0.0 |       1 |       0 |   0.0
            +---------+---------+-------+---------+---------+-------
        D:5 |      13 |       0 |   0.0 |       1 |       0 |   0.0
            +---------+---------+-------+---------+---------+-------
